 Dungeon Crawl Stone Soup version 0.28.0-53-g5a82cb258f (webtiles) character file.

Game seed: 8249077694873145159

18276 KamiKatze the Cleaver (level 12, -5/76 HPs)
             Began as a Gargoyle Berserker on July 26, 2022.
             Was an Elder of Trog.
             Hit by a javelin thrown by a minotaur (21 damage)
             ... in a Gauntlet on July 27, 2022.
             The game lasted 00:50:17 (13691 turns).

KamiKatze the Cleaver (Gargoyle Berserker)         Turns: 13691, Time: 00:50:18

Health: -5/76      AC: 24    Str: 26    XL:     12   Next: 56%
Magic:  0/12       EV: 17    Int: 13    God:    Trog [****..]
Gold:   675        SH:  0    Dex:  9    Spells: 11/11 levels left

rFire   + . .      SeeInvis .   H - +3 broad axe
rCold   . . .      Faith    .   (no shield)
rNeg    + . .      Spirit   +   A - +3 ring mail {rF+}
rPois   ∞          Reflect  .   j - +1 helmet
rElec   +          Harm     .   q - +2 cloak {rPois}
rCorr   .          Rampage  .   (no gloves)
Will    .....      NoTele   +   (no boots)
Stlth   ..........              Y - amulet of guardian spirit
HPRegen 0.22/turn               E - ring of Qazlal's Envy {EV+4 Int+5 Slay+3}
MPRegen 0.13/turn               (no ring)

@: on berserk cooldown
A: sickness immunity, AC +8, negative energy resistance 1, electricity
resistance, torment resistance 1, petrification resistance
a: Renounce Religion, Berserk, Trog's Hand, Brothers in Arms


You were in a Gauntlet.
You worshipped Trog.
Trog was greatly pleased with you.
You visited 3 branches of the dungeon, and saw 13 of its levels.
You also visited: Bailey and Gauntlet.

You collected 675 gold pieces.

Inventory:

Hand Weapons
 a - a +1 war axe of freezing
 t - a +0 vorpal hand axe
 v - a +1 scimitar of flaming
 w - a +1 hand axe of venom
 x - a +3 vorpal dire flail
 y - a +0 battleaxe
 H - a +3 broad axe (weapon)
 R - a +1 flail of protection
Missiles
 g - 51 stones (quivered)
 k - 2 throwing nets
 O - 8 poisoned darts
Armour
 j - a +1 helmet (worn)
 q - a +2 cloak of poison resistance (worn)
 A - a +3 ring mail of fire resistance (worn)
 F - a +0 plate armour
 J - a +3 plate armour of poison resistance
 K - a scarf of invisibility
 T - the +4 skin of Zhor {*Englaciate rC+++ SInv}
   (You found it on level 9 of the Dungeon)

   It radiates cold, occasionally slowing all nearby creatures who are not
   resistant to cold.
   rC:        It renders you almost immune to cold.
   SInv:      It lets you see invisible.
Jewellery
 e - an amulet of magic regeneration
 s - an amulet of the acrobat
 E - the ring of Qazlal's Envy (left hand) {EV+4 Int+5 Slay+3}
   (You acquired it in a bailey)

   [ring of evasion]

   EV:        It affects your evasion (+4).
   Int:       It affects your intelligence (+5).
   Slay:      It affects your accuracy & damage with ranged weapons and melee
   (+3).
 Q - the ring of the Stallion {rElec rC+++ Will- Dex+6 Stlth-}
   (You found it in a Gauntlet)

   [ring of dexterity]

   Dex:       It affects your dexterity (+6).
   rC:        It renders you almost immune to cold.
   rElec:     It insulates you from electricity.
   Will:      It decreases your willpower.
   Stlth:     It makes you less stealthy.
 X - a ring of magical power
 Y - an amulet of guardian spirit (around neck)
Wands
 b - a wand of paralysis (11)
 n - a wand of flame (27)
 r - a wand of acid (15)
 B - a wand of polymorph (7)
 P - a wand of mindburst (21)
 U - a wand of iceblast (4)
 W - a wand of digging (8)
Scrolls
 f - a scroll of immolation
 h - 4 scrolls of vulnerability
 p - 6 scrolls of teleportation
 G - a scroll of fog
 L - a scroll of silence
 M - a scroll of enchant weapon
 N - 4 scrolls of enchant armour
 V - a scroll of magic mapping {unknown}
Potions
 c - 3 potions of attraction
 d - 2 potions of lignification
 i - a potion of magic
 l - 3 potions of flight
 m - a potion of mutation {unknown}
 o - 2 potions of brilliance
 u - a potion of degeneration {unknown}
 C - a potion of curing
 D - 3 potions of ambrosia
 I - 2 potions of cancellation
Miscellaneous
 S - a box of beasts


   Skills:
 + Level 9.2 Fighting
 * Level 13.8 Axes
 + Level 9.0 Armour
 + Level 6.7 Dodging
 - Level 3.0 Evocations


You had 11 spell levels left.
You didn't know any spells.
Your spell library contained the following spells:

 Spells                   Type           Power      Damage    Failure   Level
 Cause Fear               Hex            0%         N/A       99%         4
 Dragon Form              Tmut           0%         N/A       100%        7
 Dragon's Call            Summ           0%         N/A       100%        9


Dungeon Overview and Level Annotations

Branches:
Dungeon (11/15)            Temple (1/1) D:4            Lair (1/6) D:11
 Bailey (visited)         Gauntlet (1/1)
    Orc: D:9-12

Altars:
Ashenzari
Cheibriados
Dithmenos
Elyvilon
Fedhas
Gozag
Hepliaklqana
Kikubaaqudgha
Makhleb
Nemelex Xobeh
Okawaru
Qazlal
Ru
Sif Muna
Trog
Uskayaw
Vehumet
Wu Jian
Xom
Yredelemnul
Zin
The Shining One

Shops:
D:4 (   D:6 (   D:7 *

Annotations:
Gauntlet 6 transporters, 1 runed translucent door, exclusion: oklob plant


Innate Abilities, Weirdness & Mutations

You are immune to sickness and miasma.
Your stone body is resilient. (AC +8)
You are immune to poison.
You resist negative energy. (rN+)
You are resistant to electric shocks. (rElec)
You are resistant to unholy torment.
You are immune to petrification.


Message History

The minotaur completely misses you. The minotaur gores you!
* * * LOW HITPOINT WARNING * * *
Unknown command.
Saving game... please wait.
Level annotation: 6 transporters, 1 runed translucent door, exclusion: oklob plant Welcome back, KamiKatze the Gargoyle Berserker.
Trog says: Kill them all!
Press ? for a list of commands and other information.
A minotaur is nearby!
Unknown command.
Okay, then.
As you read the scroll labelled AVVATT APSIMA, it crumbles to dust.
Wisps of shadow whirl around you...
It was a scroll of summoning.
You flicker for a moment.
The minotaur misses you.
The minotaur gores you but does no damage.
Your large abomination hits the minotaur.
Your magical effects are unravelling.
You feel magically purged.
You feel yourself speed up.
You flicker back into view.
The minotaur barely misses you.
The minotaur gores you but does no damage.
The minotaur blocks your white imp's attack.
The minotaur blocks your large abomination's attack.
The minotaur hits you with a +2 morningstar of protection.
* * * LOW HITPOINT WARNING * * *
The minotaur gores you but does no damage.
The minotaur blocks your white imp's attack.
Unknown command.
Your large abomination hits the minotaur!
Okay, then.
You feel better. The minotaur closely misses you. x2
Your white imp gestures at the minotaur.
The puff of frost hits the minotaur but does no damage.
Unknown command.
The minotaur throws a javelin.
The javelin pierces through you but does no damage.
You feel better.
The minotaur throws a javelin.
The javelin pierces through you!!
You die...

#≈≈≈#≈≈≈#≈≈≈ #≈.........
#######.########
#...##≈.#R:=...°
########.⌠.#≈≈.#E#####.
#.....5.5..##≈.#©#.....
##.##.###H⌠.###.###.####
#8....X.....##..#.○h#^.^
#.....#@#.⌠.#...#h###.#.
#########.#.#...#.∩.#R+..^#©
#8[8=8.8#...#.©.#...########
#∩..§...'.###...#.⌠.....#...
#8=8§8H8#...#.©.#...########
#########.#.#...#.∩.#.......
#.....#.#.⌠.#...#.###.#.
#8..........##..#(###†..
##.##.###.⌠.###.#§###©..


You could see a minotaur (ally target), a friendly large abomination (summoned)
and a friendly white imp (summoned).

Vanquished Creatures
  Harold (D:6)
  Erolcha (D:9)
  3 two-headed ogres
  Erica (D:8)
  Pikel (D:5)
  2 orc knights (Bailey)
  An ugly thing (D:7)
  Maurice (D:8)
  2 gargoyles
  3 rime drakes (D:9)
  Maggie (D:7)
  An efreet (Gauntlet)
  A kobold demonologist (Bailey)
  An ice devil (Gauntlet)
  A troll (D:11)
  A hornet (D:8)
  Prince Ribbit (D:6)
  4 shadows
  A wraith (D:9)
  Sigmund (D:6)
  Eustachio (D:6)
  13 yaks
  A fire elemental (Gauntlet)
  3 steam dragons
  Menkaure (D:5)
  Edmund (D:5)
  2 water moccasins
  Duvessa (D:5)
  An acid dragon (D:8)
  3 hell hounds (Gauntlet)
  12 orc warriors
  2 black bears
  An ogre (D:4)
  4 necrophages
  2 centaurs
  2 lemures (D:5)
  2 phantoms (D:5)
  3 bullfrogs
  A wyvern zombie (D:4)
  A scorpion (D:5)
  Dowan (D:5)
  A wyvern skeleton (D:6)
  13 killer bees
  2 jellies (D:6)
  7 wights
  3 centaur zombies
  5 electric eels (Bailey)
  A crimson imp (D:4)
  2 gnoll shamans
  3 hounds
  6 orc priests
  A centaur skeleton (D:7)
  Jessica (D:2)
  7 iguanas
  11 orc wizards
  Natasha (thrice) (D:2)
  A killer bee zombie (D:8)
  A hound skeleton (D:5)
  6 howler monkey zombies
  11 gnolls
  8 adders
  2 howler monkey skeletons (D:6)
  2 shadow imps
  6 white imps
  An adder zombie (D:5)
  A dart slug (D:1)
  37 orcs
  3 endoplasms
  15 hobgoblins
  6 jackals (D:2)
  4 quokkas
  6 ball pythons
  8 bats
  2 frilled lizards
  12 goblins
  3 kobolds
  9 rats
297 creatures vanquished.

Vanquished Creatures (collateral kills)
  A kobold demonologist (Bailey)
1 creature vanquished.

Vanquished Creatures (others)
  A demonic plant (Gauntlet)
  A withered plant (D:9)
2 creatures vanquished.

Grand Total: 300 creatures vanquished

Notes
Turn   | Place    | Note
-------+----------+-------------------------------------------
     0 | D:1      | KamiKatze the Gargoyle Berserker began the quest for the
                  | Orb.
     0 | D:1      | Reached XP level 1. HP: 14/14 MP: 1/1
   177 | D:1      | Reached XP level 2. HP: 12/19 MP: 2/2
   347 | D:1      | Reached skill level 3 in Axes
   769 | D:2      | Reached XP level 3. HP: 18/23 MP: 3/3
   778 | D:2      | Reached ** piety under Trog
   906 | D:2      | Noticed Jessica
   937 | D:2      | Killed Jessica
   938 | D:2      | Reached XP level 4. HP: 22/29 MP: 4/4
  1168 | D:2      | Noticed Natasha
  1184 | D:2      | Killed Natasha
  1185 | D:2      | Reached skill level 4 in Axes
  1185 | D:2      | Reached XP level 5. HP: 32/33 MP: 5/5
  1227 | D:2      | Found a faded altar of an unknown god.
  1260 | D:2      | Noticed Natasha
  1271 | D:2      | Killed Natasha
  1363 | D:2      | Noticed Natasha
  1375 | D:2      | Killed Natasha
  1703 | D:3      | Reached skill level 5 in Axes
  1919 | D:3      | Reached XP level 6. HP: 38/38 MP: 6/6
  2102 | D:3      | Reached *** piety under Trog
  2282 | D:4      | Noticed a water moccasin
  2298 | D:4      | Killed a water moccasin
  2299 | D:4      | Reached skill level 6 in Axes
  2556 | D:4      | Reached XP level 7. HP: 43/43 MP: 7/7
  2842 | D:4      | Found Ublus's Antique Weapon Emporium.
  3012 | D:4      | Found a staircase to the Ecumenical Temple.
  3018 | Temple   | Entered the Ecumenical Temple
  3412 | D:5      | Entered Level 5 of the Dungeon
  3534 | D:5      | Reached skill level 7 in Axes
  3681 | D:5      | Noticed Pikel
  3691 | D:5      | Killed Pikel
  3692 | D:5      | Reached skill level 8 in Axes
  3692 | D:5      | Reached XP level 8. HP: 46/48 MP: 8/8
  3842 | D:5      | Noticed Dowan
  3849 | D:5      | Noticed Duvessa
  3891 | D:5      | Killed Dowan
  3892 | D:5      | Reached skill level 9 in Axes
  3892 | D:5      | Killed Duvessa
  3931 | D:5      | Noticed Menkaure
  3938 | D:5      | Killed Menkaure
  4166 | D:5      | Reached skill level 10 in Axes
  4204 | D:5      | Reached XP level 9. HP: 38/52 MP: 9/9
  4544 | D:5      | Noticed Edmund
  4560 | D:5      | Killed Edmund
  4802 | D:5      | Identified the +3 trident "Uhar" {speed, rN+ Str+2 Int+4
                  | Dex+2}
  4925 | D:6      | Noticed a gargoyle
  5114 | D:6      | Found Okeoheca's Antique Weapon Boutique.
  5128 | D:6      | Noticed Prince Ribbit
  5134 | D:6      | Killed Prince Ribbit
  5199 | D:6      | Reached skill level 5 in Fighting
  5547 | D:6      | Killed a gargoyle
  5548 | D:6      | Reached skill level 11 in Axes
  5548 | D:6      | Reached skill level 5 in Armour
  5733 | D:6      | Reached XP level 10. HP: 56/60 MP: 10/10
  5944 | D:6      | Noticed Eustachio
  5956 | D:6      | Killed Eustachio
  5976 | D:6      | Noticed Sigmund
  5980 | D:6      | Killed Sigmund
  6185 | D:7      | Noticed Maggie
  6187 | D:7      | Found Eded's CLEARANCE SALE!.
  6192 | D:7      | Killed Maggie
  6285 | D:7      | Found a flagged portal.
  6286 | D:7      | Noticed Harold
  6342 | D:6      | Killed Harold
  6381 | Bailey   | Entered a bailey
  6505 | Bailey   | Reached **** piety under Trog
  7298 | Bailey   | Acquired the ring of Qazlal's Envy {EV+4 Int+5 Slay+3}
  7318 | Bailey   | Noticed an orc knight
  7354 | Bailey   | Killed an orc knight
  7542 | Bailey   | Found an iron altar of Okawaru.
  7543 | Bailey   | Noticed a kobold demonologist
  7566 | Bailey   | Noticed an orc knight
  7597 | Bailey   | Reached skill level 12 in Axes
  7607 | Bailey   | Killed an orc knight
  7875 | Bailey   | Noticed a kobold demonologist
  7886 | Bailey   | Killed a kobold demonologist
  7887 | Bailey   | Reached skill level 5 in Dodging
  7887 | Bailey   | Reached XP level 11. HP: 67/67 MP: 11/11
  7887 | Bailey   | Noticed a sun demon
  8243 | D:7      | Noticed a cyan ugly thing
  8270 | D:7      | Killed a cyan ugly thing
  8594 | D:7      | Found an ornate altar of the Wu Jian Council.
  8594 | D:7      | Found a shadowy altar of Dithmenos.
  8594 | D:7      | Found an ancient bone altar of Kikubaaqudgha.
  9313 | D:8      | Noticed Maurice
  9319 | D:8      | Killed Maurice
  9672 | D:9      | Noticed a two-headed ogre
  9735 | D:9      | Noticed Erica
  9748 | D:8      | Killed Erica
  9753 | D:8      | Reached skill level 1 in Evocations
  9792 | D:8      | Killed a two-headed ogre
 10086 | D:9      | Noticed a two-headed ogre
 10297 | D:9      | Killed a two-headed ogre
 10467 | D:9      | Reached skill level 13 in Axes
 10582 | D:9      | Found the +4 skin of Zhor {*Englaciate rC+++ SInv}
 10587 | D:9      | Found a basalt altar of Yredelemnul.
 10596 | D:9      | Noticed Erolcha
 10601 | D:9      | Killed Erolcha
 11067 | D:9      | Reached XP level 12. HP: 75/75 MP: 12/12
 11099 | D:10     | Entered Level 10 of the Dungeon
 11822 | D:10     | Reached ***** piety under Trog
 12090 | D:11     | Noticed a two-headed ogre
 12106 | D:11     | Killed a two-headed ogre
 12599 | D:11     | Found a staircase to the Lair.
 13075 | Lair:1   | Entered Level 1 of the Lair of Beasts
 13075 | Lair:1   | Found a gate leading to a gauntlet.
 13084 | Gauntlet | Entered a Gauntlet
 13084 | Gauntlet | Found a transporter.
 13084 | Gauntlet | Found a transporter.
 13092 | Gauntlet | Found a transporter.
 13096 | Gauntlet | Found a transporter.
 13110 | Gauntlet | Found a transporter.
 13114 | Gauntlet | Found a transporter.
 13136 | Gauntlet | Found a transporter.
 13141 | Gauntlet | Found a runed translucent door.
 13148 | Gauntlet | Found a transporter.
 13152 | Gauntlet | Found a transporter.
 13172 | Gauntlet | Found a transporter.
 13188 | Gauntlet | Found a transporter.
 13188 | Gauntlet | Found a transporter.
 13543 | Gauntlet | Identified the ring of the Stallion {rElec rC+++ Will-
                  | Dex+6 Stlth-}
 13647 | Gauntlet | Identified the ring "Maceymoa" {rPois rF++ Str+4}
 13647 | Gauntlet | Noticed a minotaur
 13671 | Gauntlet | HP: 2/76 [minotaur/+2 morningstar of protection (4)]
 13685 | Gauntlet | HP: 2/76 [minotaur/+2 morningstar of protection (5)]
 13691 | Gauntlet | Hit by a javelin thrown by a minotaur

Illustrated notes

Levels and vault maps discovered:
D:1:      shiori_arrival_maze, layout_loops_ring, minmay_cut_off
D:2:      layout_loops_ring, shapermc_ecumenical_altar_totnotflames,
          uniq_jessica, uniq_natasha
D:3:      layout_rooms, minmay_goblin_kobold_house
D:4:      layout_basic, minmay_temple_entry_fiery, serial_shops,
          nicolae_shop_waterfront, fountainhead, minmay_fire_ice_demons
D:5:      minmay_bubble_buster, layout_loops_ring, nicolae_elevator_lobby_plus,
          uniq_edmund, uniq_menkaure, uniq_pikel, uniq_duvessa
D:6:      layout_gridville, serial_shops, shop, minmay_misc_feat_room,
          small_statue_intersection, uniq_sigmund, uniq_prince_ribbit1,
          uniq_eustachio
D:7:      layout_loops_ring, gammafunk_temple_overflow_forgotten,
          enter_bailey_2, nicolae_shop_clearance, uniq_maggie, uniq_harold
D:8:      layout_basic, serial_glass, glass_columns_a, glass_columns_b,
          kennysheep_generic_room_3, uniq_maurice
D:9:      layout_basic, mainiacjoe_overflow_six_doors_small, serial_undead,
          serial_undead_e, serial_undead_e, serial_undead_f, serial_undead_a,
          hellmonk_guarded_unrand_zhor, uniq_erolcha, uniq_erica
D:10:     layout_gridville, minmay_misc_feat_five, nicolae_figureground_pulse
D:11:     layout_loops_ring, lair_entry_dummy
Temple:   mainiacjoe_temple_coin_purse
Lair:1:   layout_small_grid, gauntlet_entry_generic
Gauntlet: minmay_gauntlet_77_indecision [minmay_gauntlet_arena_77_braids,
          minmay_gauntlet_arena_77_mirror, minmay_gauntlet_arena_77_two_paths,
          minmay_gauntlet_arena_77_p_blocks, minmay_gauntlet_arena_77_path,
          minmay_gauntlet_arena_77_block_sizes,
          nicolae_gauntlet_exit_dead_adventurers]

Skill      XL: |  1  2  3  4  5  6  7  8  9 10 11 12 |
---------------+-------------------------------------+-----
Axes           | 3 4 5 6 8 10 11 12 13 | 13.8
Dodging        | 2 3 5 6 |  6.7
Armour         | 3 5 6 8 9 |  9.0
Fighting       | 4 5 7 8 9 |  9.2
Evocations     | 2 3 |  3.0

Action                   |  1- 3 |  4- 6 |  7- 9 | 10-12 || total
-------------------------+-------+-------+-------+-------++-------
Melee: Hand axe          |   106 |   141 |   223 |       ||   470
       Punch             |     1 |     2 |     5 |    10 ||    18
       War axe           |       |       |    56 |   493 ||   549
       Broad axe         |       |       |       |    46 ||    46
Throw: Stone             |     4 |       |       |     2 ||     6
Invok: Berserk           |     1 |     5 |     6 |    15 ||    27
       Trog's Hand       |       |       |     1 |     3 ||     4
       Brothers in Arms  |       |       |       |     2 ||     2
Evoke: Wand              |       |       |     1 |     5 ||     6
  Use: Scroll            |       |       |     6 |    14 ||    20
       Potion            |       |       |       |     4 ||     4
 Stab: Sleeping          |     1 |       |       |       ||     1
       Paralysed         |       |       |       |     7 ||     7
Armor: Animal skin       |    57 |    17 |       |     5 ||    79
       Leather armour    |       |    46 |    37 |       ||    83
       Scale mail        |       |       |    63 |     4 ||    67
       Ring mail         |       |       |       |   163 ||   163
Dodge: Dodged            |    66 |    75 |   128 |   377 ||   646
